IL
GWINNETT BRAVES @ SACRAMENTO RIVER CATS
07/15/2045
 
TOP OF THE 1ST
Gwinnett Braves batting - Pitching for Sacramento River Cats : RHP Roberto Duron
Pitching: RHP Roberto Duron
Batting: RHB Xavier Castellanos 0-0: Ball
1-0: Called Strike
1-1: SINGLE (Groundball, 25, EV 64.4 MPH) (infield hit)
Batting: RHB Luis Revilla 0-0: Ball
1-0: Ball
2-0: Foul Ball, location: 2F
2-1: Ball
3-1: Fielders Choice at 2nd, 6-4 (Groundball, 6, EV 87.5 MPH)
Batting: LHB Edwin Aguilar 0-0: Called Strike
0-1: Ball
1-1: Fly out, F7 (Line Drive, 7, EV 103.1 MPH)
Batting: LHB Helge Jivotovsky 0-0: Ball
1-0: Called Strike
1-1: Called Strike
1-2: Strikes out swinging, 2-3 out at first.
Top of the 1st over - 0 runs, 1 hit, 0 errors, 1 left on base; Gwinnett 0 - Sacramento 0
BOTTOM OF THE 1ST
Sacramento River Cats batting - Pitching for Gwinnett Braves : RHP David Krampe
Pitching: RHP David Krampe
Batting: LHB Kevin Kantor 0-0: Foul Ball, location: 2F
0-1: Ball
1-1: Ball
2-1: Ball
3-1: SINGLE (Groundball, 4MD, EV 102.5 MPH)
Batting: LHB Cesar Arteaga 0-0: Swinging Strike
0-1: Ball
1-1: Foul Ball, location: 2F
1-2: Ball
2-2: Ball
3-2: SINGLE (Line Drive, 78S, EV 90.0 MPH)
Kevin Kantor to second
Kevin Kantor to third
Batting: LHB Carey Horncole 0-0: Ball
1-0: Called Strike
1-1: Ball
2-1: Called Strike
Cesar Arteaga steals 2nd base
2-2: SINGLE (Groundball, 3D, EV 106.2 MPH)
Kevin Kantor scores
Cesar Arteaga to third
Runner from 3rd tries for Home, SAFE, throw by RF to home
Batting: LHB David Ramirez 0-0: Called Strike
Carey Horncole steals 2nd base
0-1: Ground out 6-3 (Groundball, 6M, EV 90.6 MPH)
Carey Horncole to third
Batting: LHB Nick Swank 0-0: Called Strike
0-1: Ball
1-1: Ball
2-1: Foul Ball, location: 2F
2-2: SINGLE (Groundball, 34D, EV 100.0 MPH)
Carey Horncole scores
Batting: RHB Hugo Zacarias 0-0: Called Strike
0-1: Ball
1-1: Foul Ball, location: 2F
1-2: Strikes out swinging
Batting: RHB Tyler Mapes 0-0: Ground out 5-3 (Groundball, 15, EV 90.0 MPH)
Bottom of the 1st over - 3 runs, 4 hits, 0 errors, 1 left on base; Gwinnett 0 - Sacramento 3
TOP OF THE 2ND
Gwinnett Braves batting - Pitching for Sacramento River Cats : RHP Roberto Duron
Batting: RHB Jesse Lester 0-0: Foul Ball, location: 2F
0-1: Ball
1-1: Ground out 2-3 (Groundball, 2R, EV 66.9 MPH)
Batting: LHB Sam Dowdy 0-0: Called Strike
0-1: Foul Ball, location: 2F
0-2: Ball
1-2: Ball
2-2: Strikes out swinging
Batting: RHB Corey Dalton 0-0: Ball
1-0: Foul Ball, location: 2F
1-1: Swinging Strike
1-2: Ball
2-2: Ball
3-2: SINGLE (Flyball, 4D, EV 95.6 MPH)
Batting: RHB T.J. Jordan 0-0: Swinging Strike
0-1: Swinging Strike
0-2: Ball
1-2: Strikes out swinging
Top of the 2nd over - 0 runs, 1 hit, 0 errors, 1 left on base; Gwinnett 0 - Sacramento 3
BOTTOM OF THE 2ND
Sacramento River Cats batting - Pitching for Gwinnett Braves : RHP David Krampe
Batting: RHB Martin Guerrero 0-0: Foul Ball, location: 2F
0-1: Ball
1-1: Swinging Strike
1-2: Reached on error, E6 (Groundball, 6, EV 96.9 MPH)
Batting: RHB Laroya Foronda 0-0: Ball
1-0: Called Strike
1-1: Swinging Strike
1-2: Strikes out swinging
Batting: LHB Kevin Kantor 0-0: Swinging Strike
0-1: Ball
1-1: Foul Ball, location: 2F
1-2: Fly out, F4 (Flyball, 34D, EV 93.8 MPH)
Batting: LHB Cesar Arteaga 0-0: DOUBLE (Line Drive, 8LXD, EV 100.0 MPH)
Martin Guerrero to third
Runner from 3rd tries for Home, SAFE, no throw by CF
Batting: LHB Carey Horncole 0-0: Ball
1-0: Foul Ball, location: 2F
1-1: Ball
2-1: Ball
3-1: Base on Balls
Batting: LHB David Ramirez 0-0: Swinging Strike
0-1: Foul Ball, location: 2F
0-2: Ball
1-2: Foul Ball, location: 2F
1-2: Ball
2-2: Foul Ball, location: 2F
2-2: Ball
3-2: Strikes out swinging
Bottom of the 2nd over - 1 run, 1 hit, 1 error, 2 left on base; Gwinnett 0 - Sacramento 4
TOP OF THE 3RD
Gwinnett Braves batting - Pitching for Sacramento River Cats : RHP Roberto Duron
Batting: SHB Tim Rodgers 0-0: Foul Ball, location: 2F
0-1: Ball
1-1: Ground out 6-3 (Groundball, 6, EV 90.0 MPH)
Batting: RHB Xavier Castellanos 0-0: Called Strike
0-1: Ball
1-1: Ball
2-1: Ball
3-1: Base on Balls
Batting: RHB Luis Revilla 0-0: Ball
1-0: Ball
2-0: Called Strike
2-1: Ball
3-1: Foul Ball, location: 2F
3-2: Foul Ball, location: 2F
3-2: Foul Ball, location: 2F
3-2: Fly out, F7 (Flyball, 7D, EV 96.2 MPH)
Batting: LHB Edwin Aguilar 0-0: Called Strike
Xavier Castellanos steals 2nd base
0-1: Ball
1-1: Ball
2-1: Ball
3-1: Ground out 4-3 (Groundball, 4, EV 88.1 MPH)
Top of the 3rd over - 0 runs, 0 hits, 0 errors, 1 left on base; Gwinnett 0 - Sacramento 4
BOTTOM OF THE 3RD
Sacramento River Cats batting - Pitching for Gwinnett Braves : RHP David Krampe
Batting: LHB Nick Swank 0-0: Foul Ball, location: 2F
0-1: Ball
1-1: Foul Ball, location: 2F
1-2: Ground out 4-3 (Groundball, 4, EV 81.2 MPH)
Batting: RHB Hugo Zacarias 0-0: Called Strike
0-1: Ball
1-1: Ground out U3 (Groundball, 34S, EV 86.9 MPH)
Batting: RHB Tyler Mapes 0-0: Called Strike
0-1: Foul Ball, location: 2F
0-2: Ball
1-2: Ball
2-2: Ball
3-2: Base on Balls
Batting: RHB Martin Guerrero 0-0: Foul Ball, location: 2F
0-1: Called Strike
0-2: 2-RUN HOME RUN (Flyball, 7LD, EV 94.4 MPH), Distance : 358 ft
Pitching: RHP Chris Bedard
Batting: RHB Laroya Foronda 0-0: Ball
1-0: Ball
2-0: Foul Ball, location: 2F
2-1: Fly out, F7 (Flyball, 7LS, EV 88.8 MPH)
Bottom of the 3rd over - 2 runs, 1 hit, 0 errors, 0 left on base; Gwinnett 0 - Sacramento 6
TOP OF THE 4TH
Gwinnett Braves batting - Pitching for Sacramento River Cats : RHP Roberto Duron
Batting: LHB Helge Jivotovsky 0-0: Foul Ball, location: 2F
0-1: Ground out 6-3 (Groundball, 4M, EV 100.0 MPH)
Batting: RHB Jesse Lester 0-0: Ball
1-0: Foul Ball, location: 2F
1-1: Called Strike
1-2: Fly out, F3 (Popup, 3, EV 66.2 MPH)
Batting: LHB Sam Dowdy 0-0: Called Strike
0-1: Ball
1-1: Ball
2-1: Ground out 6-3 (Groundball, 6M, EV 105.0 MPH)
Top of the 4th over - 0 runs, 0 hits, 0 errors, 0 left on base; Gwinnett 0 - Sacramento 6
BOTTOM OF THE 4TH
Sacramento River Cats batting - Pitching for Gwinnett Braves : RHP Chris Bedard
Batting: LHB Kevin Kantor 0-0: Swinging Strike
0-1: Ball
1-1: Ball
2-1: Swinging Strike
2-2: Ball
3-2: Ground out 6-3 (Groundball, 6M, EV 89.4 MPH)
Batting: LHB Cesar Arteaga 0-0: Ball
1-0: Fly out, F7 (Flyball, 78M, EV 95.0 MPH)
Batting: LHB Carey Horncole 0-0: Ball
1-0: SINGLE (Flyball, 5D, EV 99.4 MPH)
Batting: LHB David Ramirez 0-0: Called Strike
0-1: Ball
1-1: Ball
2-1: DOUBLE (Line Drive, 5D, EV 103.1 MPH)
Carey Horncole to third
Batting: LHB Nick Swank 0-0: Foul Ball, location: 2F
0-1: SINGLE (Flyball, 5D, EV 80.0 MPH)
Carey Horncole scores
David Ramirez to third
Runner from 3rd tries for Home, SAFE, throw by LF to home
Batting: RHB Hugo Zacarias 0-0: Swinging Strike
0-1: Ball
1-1: Ground out 4-3 (Groundball, 4, EV 89.4 MPH)
Bottom of the 4th over - 2 runs, 3 hits, 0 errors, 1 left on base; Gwinnett 0 - Sacramento 8
TOP OF THE 5TH
Gwinnett Braves batting - Pitching for Sacramento River Cats : RHP Roberto Duron
Batting: RHB Corey Dalton 0-0: Called Strike
0-1: Fly out, F8 (Flyball, 8LD, EV 86.9 MPH)
Batting: RHB T.J. Jordan 0-0: Called Strike
0-1: Swinging Strike
0-2: Ball
1-2: DOUBLE (Flyball, 8LXD, EV 105.0 MPH)
Batting: SHB Tim Rodgers 0-0: Ground out 4-3 (Groundball, 4S, EV 81.9 MPH)
T.J. Jordan to third
Batting: RHB Xavier Castellanos 0-0: SINGLE (Flyball, 34D, EV 95.0 MPH)
T.J. Jordan scores
Batting: RHB Luis Revilla 0-0: Ball
Xavier Castellanos steals 2nd base (no throw)
1-0: Swinging Strike
1-1: Ball
2-1: Foul Ball, location: 2F
2-2: Ball
3-2: Base on Balls
Batting: LHB Edwin Aguilar 0-0: Foul Ball, location: 2F
0-1: Called Strike
0-2: Ball
1-2: Ball
2-2: Strikes out looking
Top of the 5th over - 1 run, 2 hits, 0 errors, 2 left on base; Gwinnett 1 - Sacramento 8
BOTTOM OF THE 5TH
Sacramento River Cats batting - Pitching for Gwinnett Braves : RHP Chris Bedard
Batting: RHB Tyler Mapes 0-0: Ball
1-0: Ball
2-0: Foul Ball, location: 2F
2-1: Ball
3-1: Base on Balls
Batting: RHB Martin Guerrero 0-0: Ball
1-0: Ball
2-0: Called Strike
2-1: Foul Ball, location: 2F
2-2: Ball
3-2: Grounds into double play, 5-4-3 (Groundball, 56, EV 80.6 MPH)
Batting: RHB Laroya Foronda 0-0: Called Strike
0-1: Ball
1-1: Ball
2-1: Ground out U3 (Groundball, 34S, EV 92.5 MPH)
Bottom of the 5th over - 0 runs, 0 hits, 0 errors, 0 left on base; Gwinnett 1 - Sacramento 8
TOP OF THE 6TH
Gwinnett Braves batting - Pitching for Sacramento River Cats : RHP Roberto Duron
Batting: LHB Helge Jivotovsky 0-0: Foul Ball, location: 2F
0-1: Swinging Strike
0-2: Foul Ball, location: 2F
0-2: Ground out 5-3 (Groundball, 56, EV 103.1 MPH)
Batting: RHB Jesse Lester 0-0: Called Strike
0-1: Swinging Strike
0-2: Strikes out swinging
Batting: LHB Sam Dowdy 0-0: Called Strike
0-1: Foul Ball, location: 2F
0-2: Ball
1-2: Fly out, F4 (Line Drive, 4, EV 65.0 MPH)
Top of the 6th over - 0 runs, 0 hits, 0 errors, 0 left on base; Gwinnett 1 - Sacramento 8
BOTTOM OF THE 6TH
Sacramento River Cats batting - Pitching for Gwinnett Braves : RHP Chris Bedard
Batting: LHB Kevin Kantor 0-0: Ball
1-0: Ball
2-0: Ball
3-0: Called Strike
3-1: Ground out 3-1 (Groundball, 34, EV 83.1 MPH)
Batting: LHB Cesar Arteaga 0-0: Ball
1-0: Ground out 4-3 (Groundball, 34, EV 87.5 MPH)
Batting: LHB Carey Horncole 0-0: Ball
1-0: Ball
2-0: Ball
3-0: Base on Balls
Batting: LHB David Ramirez 0-0: Called Strike
0-1: Called Strike
0-2: Ball
1-2: Strikes out looking
Bottom of the 6th over - 0 runs, 0 hits, 0 errors, 1 left on base; Gwinnett 1 - Sacramento 8
TOP OF THE 7TH
Gwinnett Braves batting - Pitching for Sacramento River Cats : RHP Roberto Duron
Batting: RHB Corey Dalton 0-0: Ball
1-0: Fly out, F9 (Flyball, 9LS, EV 80.6 MPH)
Batting: RHB T.J. Jordan 0-0: Foul Ball, location: 2F
0-1: Ball
1-1: Ball
2-1: Foul Ball, location: 2F
2-2: DOUBLE (Line Drive, 9LS, EV 96.9 MPH)
Pitching: RHP Fidde Machielsen
Batting: SHB Tim Rodgers 0-0: Called Strike
0-1: Foul Ball, location: 2F
0-2: Ball
1-2: Ball
2-2: Ball
3-2: Fly out, F7 (Flyball, 7LM, EV 90.6 MPH)
Batting: RHB Xavier Castellanos 0-0: Ball
1-0: Foul Ball, location: 2F
1-1: Called Strike
1-2: Ground out 4-3 (Groundball, 4, EV 90.0 MPH)
Top of the 7th over - 0 runs, 1 hit, 0 errors, 1 left on base; Gwinnett 1 - Sacramento 8
BOTTOM OF THE 7TH
Sacramento River Cats batting - Pitching for Gwinnett Braves : RHP Chris Bedard
Pitching: RHP Alan Shanahan
Batting: LHB Nick Swank 0-0: Called Strike
0-1: DOUBLE (Line Drive, 78M, EV 106.9 MPH)
Batting: RHB Hugo Zacarias 0-0: Ball
1-0: Called Strike
1-1: Ball
2-1: Ball
3-1: Swinging Strike
3-2: DOUBLE (Groundball, 5L, EV 98.8 MPH)
Nick Swank scores
Batting: RHB Tyler Mapes 0-0: Called Strike
0-1: Swinging Strike
0-2: Ball
1-2: Ball
2-2: Strikes out swinging
Batting: RHB Martin Guerrero 0-0: Foul Ball, location: 2F
0-1: Ball
1-1: Ball
2-1: Ball
3-1: Foul Ball, location: 2F
3-2: Ground out 6-3 (Groundball, 6, EV 102.5 MPH)
Batting: RHB Laroya Foronda 0-0: SINGLE (Line Drive, 34, EV 93.8 MPH)
Hugo Zacarias to third
Runner from 3rd tries for Home, SAFE, throw by RF to home
Batting: LHB Kevin Kantor 0-0: Ground out U3 (Groundball, 3, EV 90.0 MPH)
Bottom of the 7th over - 2 runs, 3 hits, 0 errors, 1 left on base; Gwinnett 1 - Sacramento 10
TOP OF THE 8TH
Gwinnett Braves batting - Pitching for Sacramento River Cats : RHP Fidde Machielsen
Batting: RHB Luis Revilla 0-0: Ball
1-0: Ball
2-0: Foul Ball, location: 2F
2-1: Swinging Strike
2-2: Foul Ball, location: 2F
2-2: Strikes out swinging
Batting: LHB Edwin Aguilar 0-0: Ball
1-0: Ground out 4-3 (Groundball, 4S, EV 88.8 MPH)
Batting: LHB Helge Jivotovsky 0-0: Foul Ball, location: 2F
0-1: Ball
1-1: Ball
2-1: DOUBLE (Flyball, 8LXD, EV 111.2 MPH)
Batting: RHB Jesse Lester 0-0: Swinging Strike
0-1: Ball
1-1: Ball
2-1: Foul Ball, location: 2F
2-2: Strikes out swinging
Top of the 8th over - 0 runs, 1 hit, 0 errors, 1 left on base; Gwinnett 1 - Sacramento 10
BOTTOM OF THE 8TH
Sacramento River Cats batting - Pitching for Gwinnett Braves : RHP Alan Shanahan
Batting: LHB Cesar Arteaga 0-0: Ground out 4-3 (Groundball, 4, EV 81.2 MPH)
Batting: LHB Carey Horncole 0-0: Called Strike
0-1: Foul Ball, location: 2F
0-2: Ground out 4-3 (Groundball, 4, EV 86.9 MPH)
Batting: LHB David Ramirez 0-0: Ball
1-0: Ground out 5-3 (Groundball, 56S, EV 85.0 MPH)
Bottom of the 8th over - 0 runs, 0 hits, 0 errors, 0 left on base; Gwinnett 1 - Sacramento 10
TOP OF THE 9TH
Gwinnett Braves batting - Pitching for Sacramento River Cats : RHP Fidde Machielsen
Batting: LHB Sam Dowdy 0-0: Called Strike
0-1: Foul Ball, location: 2F
0-2: Ball
1-2: Ball
2-2: Ball
3-2: Foul Ball, location: 2F
3-2: Strikes out looking
Pitching: LHP Gael Greene
Batting: RHB Corey Dalton 0-0: Ball
1-0: Ground out 6-3 (Groundball, 6, EV 100.0 MPH)
Batting: RHB T.J. Jordan 0-0: Ball
1-0: Fly out, F7 (Flyball, 78XD, EV 93.1 MPH)
Top of the 9th over - 0 runs, 0 hits, 0 errors, 0 left on base; Gwinnett 1 - Sacramento 10
Wednesday, June 22nd , 2022 - OOTP Baseball 23.4 Build 64